 Dungeon Crawl Stone Soup version 0.30-a0-996-ga6910c8ee8 (webtiles) character file.

Game seed: 14247412131961027972

3432 croobank the Covert (level 10, -2/82 HPs)
             Began as a Gnoll Delver on Apr 4, 2023.
             Was an Elder of Vehumet.
             Slain by a troll (15 damage)
             ... on level 7 of the Dungeon.
             The game lasted 00:30:45 (10022 turns).

croobank the Covert (Gnoll Delver)                 Turns: 10022, Time: 00:30:46

Health: -2/82      AC:  6    Str: 11    XL:     10   Next: 5%
Magic:  17/17      EV: 14    Int: 13    God:    Vehumet [****..]
Gold:   537        SH:  0    Dex: 15    Spells: 5/19 levels left

rFire   . . .      SeeInvis .    a - +2 hand axe (flame)
rCold   + . .      Faith    .    (no shield)
rNeg    . . .      Spirit   .    x - +0 leather armour
rPois   .          Reflect  .    (no helmet)
rElec   .          Rampage  .    (no cloak)
rCorr   +                        J - +2 pair of gloves
Will    .....                    (no boots)
Stlth   ++++                     (no amulet)
HPRegen 0.33/turn                H - ring of protection from cold
MPRegen 0.15/turn                S - ring of resist corrosion

@: about to teleport, on berserk cooldown, slowed, very slow
A: fangs 1, strong nose, distributed training
a: Renounce Religion


You were on level 7 of the Dungeon.
You worshipped Vehumet.
Vehumet was greatly pleased with you.
You visited 2 branches of the dungeon, and saw 8 of its levels.
You also visited: Sewer and Ossuary.

You collected 537 gold pieces.

Inventory:

Hand Weapons
 a - a +2 hand axe of flaming (weapon)
 b - a +0 sling
 f - a +2 whip of flaming
 w - a +0 hand axe of venom
 A - a +1 dagger of venom
 C - a +1 mace of draining
 G - a +2 whip of venom
 K - a +0 flail of holy wrath
 O - a +0 rapier of flaming
Missiles
 k - 4 atropa-tipped darts (quivered)
 l - 19 poisoned darts
 I - 2 throwing nets
Armour
 x - a +0 leather armour (worn)
 F - a +0 ring mail
 J - a +2 pair of gloves (worn)
Jewellery
 H - a ring of protection from cold (left hand)
 M - an amulet of faith
 S - a ring of resist corrosion (right hand)
Wands
 e - a wand of flame (26)
 g - a wand of digging (3)
Scrolls
 c - a scroll of fog
 d - 3 scrolls of teleportation
 y - 2 scrolls of silence
 z - a scroll of brand weapon
 B - 5 scrolls of amnesia
 P - a scroll of enchant armour
Potions
 i - 3 potions of flight
 m - 2 potions of brilliance
 n - 3 potions of mutation
 p - 5 potions of lignification
 q - a potion of haste
 s - 2 potions of invisibility
 t - 11 potions of curing
 u - 4 potions of degeneration {unknown}
 v - a potion of ambrosia {unknown}
 N - a potion of attraction
 Q - a potion of magic {unknown}
 R - a potion of might {unknown}


   Skills:
 + Level 8.4 Fighting
 + Level 5.0 Short Blades
 + Level 5.0 Long Blades
 + Level 6.9 Axes
 + Level 5.0 Maces & Flails
 + Level 5.0 Polearms
 + Level 5.0 Staves
 + Level 5.0 Ranged Weapons
 + Level 5.0 Throwing
 + Level 5.0 Armour
 + Level 6.9 Dodging
 + Level 10.8 Stealth
 + Level 5.0 Shields
 + Level 5.0 Unarmed Combat
 + Level 5.0 Spellcasting
 + Level 4.2 Conjurations
 + Level 4.2 Hexes
 + Level 4.2 Summonings
 + Level 4.2 Necromancy
 + Level 4.2 Translocations
 + Level 4.2 Transmutations
 + Level 4.2 Fire Magic
 + Level 4.2 Ice Magic
 + Level 4.2 Air Magic
 + Level 4.2 Earth Magic
 + Level 4.2 Poison Magic
 + Level 5.5 Invocations
 + Level 5.0 Evocations


You had 5 spell levels left.
You knew the following spells:

 Your Spells              Type           Power      Damage    Failure   Level
a - Magic Dart            Conj           56%        1d5       1%          1
b - Foxfire               Conj/Fire      56%        2x1d6     1%          1
c - Inner Flame           Hex/Fire       14%        N/A       3%          3
d - Flame Wave            Conj/Fire      14%        2d6       11%         4
e - Iskenderun's Battles  Conj           14%        2d7       28%         5

Your spell library contained the following spells:

 Spells                   Type           Power      Damage    Failure   Level
 Hailstorm                Conj/Ice       14%        3d5       3%          3
 Apportation              Tloc           28%        N/A       4%          1
 Necrotise                Necr           56%        1d6       4%          1
 Summon Small Mammal      Summ           56%        N/A       4%          1
 Call Canine Familiar     Summ           14%        N/A       13%         3
 Ozocubu's Armour         Ice            14%        N/A       13%         3
 Portal Projectile        Hex/Tloc       28%        N/A       13%         3
 Ice Form                 Ice/Tmut       14%        N/A       38%         4
 Leda's Liquefaction      Hex/Erth       7%         N/A       38%         4
 Metabolic Englaciation   Hex/Ice        7%         N/A       75%         5
 Simulacrum               Ice/Necr       7%         N/A       100%        6


Dungeon Overview and Level Annotations

Branches:
Dungeon (7/15)             Temple (1/1) D:4           Sewer (visited)
Ossuary (visited)

Altars:
Ashenzari
Dithmenos
Fedhas
Kikubaaqudgha
Makhleb
Nemelex Xobeh
Okawaru
Qazlal
Ru
Sif Muna
Uskayaw
Vehumet
Wu Jian
Xom
Yredelemnul
Zin
The Shining One

Annotations:
D:7 4 runed translucent doors


Innate Abilities, Weirdness & Mutations

You have very sharp teeth.
Your uncanny sense of smell can sniff out nearby items.
Your experience applies equally to all skills.


Message History

An orc wizard comes into view. It is wielding a +0 dagger.
The orc wizard shouts!
Items here: ( ))) [[ †.
A troll comes into view.
You feel a strong urge to attack something.
The troll shouts!
The orc wizard gestures wildly while chanting.
The orc wizard flickers and vanishes!
Deactivating autopickup; reactivate with Ctrl-A.
An orc comes into view. It is wielding a +0 war axe.
You are no longer berserk.
You are exhausted.
You feel yourself slow down. The troll misses you. The troll claws you.
The troll closely misses you.
You hit the troll. You burn the troll.
The troll is lightly wounded.
The troll bites you. The troll claws you. The troll closely misses you.
What are your orders? t - Bark!
Orders for allies: a - Attack new target. r - Retreat! s - Stop attacking. g - Guard the area. f - Follow me.
Anything else - Cancel.
Okay, then.
Okay, then.
As you read the scroll of teleportation, it crumbles to dust.
You feel strangely unstable. The troll bites you.
The troll claws you but does no damage. The troll closely misses you.
The troll bites you!
* * * LOW HITPOINT WARNING * * *
The troll completely misses you. The troll claws you!
* * * LOW HITPOINT WARNING * * *
Okay, then.
Throw: dart (curare)
Press: ? - help, Q - select action, (/) - cycle Shift-Dir - straight line, f - troll
Aim: a troll (65% to hit)
You throw a curare-tipped dart.
The curare-tipped dart barely misses the troll.
The troll bites you!
You die...

∆ ###### #.#.#
#{T@.## #.#.# ∆
#.o###)# #.#.#
#.##(#)# #.#.# #
#.##.# # #.#.# ∆
∆##.#.# .# #.#.##
#..)##..# #.#..###+#
#'###...#
.........######.....#
#.#
.###.#..##8!=8##.####
#.#


You could see a troll and an orc.

Vanquished Creatures
  An unseen horror zombie (D:7)
  A troll (D:4)
  A water moccasin (D:7)
  An orc warrior (D:7)
  A sky beast (D:7)
  2 hornet zombies (D:7)
  An ice beast (D:7)
  A black bear (D:6)
  2 ogres
  A centaur (D:7)
  3 phantoms
  2 kobold brigands (Sewer)
  5 bullfrogs
  3 scorpions
  A bullfrog zombie (D:7)
  A lava snake (D:7)
  4 centaur zombies (D:7)
  2 jellies (D:5)
  2 orc priests
  2 gnoll boudas (D:4)
  5 hounds
  3 orc wizards
  2 iguanas
  A sleepcap (D:7)
  Natasha (thrice) (D:3)
  5 mummies (Ossuary)
  Robin (D:3)
  10 gnolls
  6 adders
  2 worms
  A dart slug (D:4)
  21 orcs
  13 bats
  8 endoplasms
  10 giant cockroaches
  3 gnoll zombies (Ossuary)
  17 goblins
  15 hobgoblins
  8 jackals
  18 kobolds
  5 quokkas
  11 ball pythons
  4 frilled lizards
  2 hobgoblin zombies (Ossuary)
  2 orc zombies (Ossuary)
  17 rats
230 creatures vanquished.

Vanquished Creatures (collateral kills)
  3 mummies (Ossuary)
  A hobgoblin zombie (Ossuary)
4 creatures vanquished.

Vanquished Creatures (others)
  A kobold (Sewer)
  489 foxfires
  5 plants (Sewer)
495 creatures vanquished.

Grand Total: 729 creatures vanquished

Notes
Turn   | Place    | Note
-------+----------+-------------------------------------------
     0 | D:5      | Reached skill level 9 in Stealth
     0 | D:5      | croobank the Gnoll Delver began the quest for the Orb.
     0 | D:5      | Reached XP level 1. HP: 23/23 MP: 1/1
    10 | D:5      | Found a glowing drain.
    14 | Sewer    | Entered a sewer
    35 | Sewer    | Noticed a kobold brigand
    35 | Sewer    | Noticed a kobold brigand
   101 | Sewer    | Reached XP level 2. HP: 29/29 MP: 2/2
   257 | Sewer    | Reached XP level 3. HP: 32/35 MP: 3/3
   326 | Sewer    | Reached skill level 1 in Invocations
   337 | Sewer    | Killed a kobold brigand
   338 | Sewer    | Reached skill level 1 in Short Blades
   338 | Sewer    | Reached skill level 1 in Long Blades
   338 | Sewer    | Reached skill level 1 in Maces & Flails
   338 | Sewer    | Reached skill level 1 in Polearms
   338 | Sewer    | Reached skill level 1 in Staves
   338 | Sewer    | Reached skill level 1 in Ranged Weapons
   338 | Sewer    | Reached skill level 1 in Throwing
   338 | Sewer    | Reached skill level 1 in Armour
   338 | Sewer    | Reached skill level 1 in Shields
   338 | Sewer    | Reached skill level 1 in Unarmed Combat
   338 | Sewer    | Reached skill level 1 in Spellcasting
   338 | Sewer    | Reached skill level 1 in Conjurations
   338 | Sewer    | Reached skill level 1 in Hexes
   338 | Sewer    | Reached skill level 1 in Summonings
   338 | Sewer    | Reached skill level 1 in Necromancy
   338 | Sewer    | Reached skill level 1 in Translocations
   338 | Sewer    | Reached skill level 1 in Transmutations
   338 | Sewer    | Reached skill level 1 in Fire Magic
   338 | Sewer    | Reached skill level 1 in Ice Magic
   338 | Sewer    | Reached skill level 1 in Air Magic
   338 | Sewer    | Reached skill level 1 in Earth Magic
   338 | Sewer    | Reached skill level 1 in Poison Magic
   338 | Sewer    | Reached skill level 1 in Evocations
   338 | Sewer    | Reached XP level 4. HP: 35/41 MP: 5/5
   350 | Sewer    | Killed a kobold brigand
   351 | Sewer    | Reached XP level 5. HP: 19/47 MP: 5/7
   392 | D:5      | Found a sand-covered staircase.
   401 | Ossuary  | Entered an ossuary
   642 | Ossuary  | Reached XP level 6. HP: 33/53 MP: 8/8
   673 | Ossuary  | Reached skill level 5 in Axes
   673 | Ossuary  | Reached skill level 5 in Dodging
   938 | D:5      | Noticed a troll
  1068 | D:4      | Found a staircase to the Ecumenical Temple.
  1098 | Temple   | Entered the Ecumenical Temple
  1139 | Temple   | Became a worshipper of Vehumet
  1168 | D:4      | Reached XP level 7. HP: 60/60 MP: 10/10
  1694 | D:3      | Noticed Robin
  1702 | D:3      | Killed Robin
  1748 | D:3      | Reached * piety under Vehumet
  1748 | D:3      | Offered knowledge of Magic Dart by Vehumet.
  1795 | D:3      | Reached skill level 10 in Stealth
  2065 | D:3      | Noticed Natasha
  2076 | D:3      | Killed Natasha
  2219 | D:3      | Noticed Natasha
  2227 | D:3      | Killed Natasha
  2473 | D:3      | Noticed Natasha
  2487 | D:3      | Killed Natasha
  2823 | D:2      | Learned a level 1 spell: Magic Dart
  3103 | D:1      | Reached ** piety under Vehumet
  3103 | D:1      | Offered knowledge of Foxfire by Vehumet.
  3211 | D:1      | Learned a level 1 spell: Foxfire
  3596 | D:1      | Offered knowledge of Inner Flame by Vehumet.
  3601 | D:1      | Learned a level 3 spell: Inner Flame
  3880 | D:1      | Found a faded altar of an unknown god.
  4173 | D:2      | Reached XP level 8. HP: 48/67 MP: 5/12
  4255 | D:2      | Reached *** piety under Vehumet
  4780 | D:2      | Offered knowledge of Flame Wave by Vehumet.
  4786 | D:2      | Learned a level 4 spell: Flame Wave
  7228 | D:4      | Killed a troll
  7228 | D:4      | Reached **** piety under Vehumet
  7623 | D:5      | Reached XP level 9. HP: 73/73 MP: 10/14
  8144 | D:6      | Offered knowledge of Iskenderun's Battlesphere by Vehumet.
  8151 | D:6      | Learned a level 5 spell: Iskenderun's Battlesphere
  8224 | D:6      | Found an ancient bone altar of Kikubaaqudgha.
  8451 | D:6      | Found a burning altar of Makhleb.
  8704 | D:7      | Found a shadowy altar of Dithmenos.
  9123 | D:7      | Reached skill level 5 in Invocations
  9612 | D:7      | Found a basalt altar of Yredelemnul.
  9755 | D:7      | Reached skill level 5 in Short Blades
  9755 | D:7      | Reached skill level 5 in Long Blades
  9755 | D:7      | Reached skill level 5 in Maces & Flails
  9755 | D:7      | Reached skill level 5 in Polearms
  9755 | D:7      | Reached skill level 5 in Staves
  9755 | D:7      | Reached skill level 5 in Ranged Weapons
  9755 | D:7      | Reached skill level 5 in Throwing
  9755 | D:7      | Reached skill level 5 in Armour
  9755 | D:7      | Reached skill level 5 in Shields
  9755 | D:7      | Reached skill level 5 in Unarmed Combat
  9755 | D:7      | Reached skill level 5 in Spellcasting
  9755 | D:7      | Reached skill level 5 in Evocations
  9755 | D:7      | Reached XP level 10. HP: 77/81 MP: 14/17
  9798 | D:7      | Found a large runed translucent door.
  9798 | D:7      | Found a large runed translucent door.
  9957 | D:7      | Noticed a deep elf pyromancer
  9966 | D:7      | Found a large runed translucent door.
  9966 | D:7      | Found a large runed translucent door.
 10022 | D:7      | Slain by a troll

Illustrated notes

Levels and vault maps discovered:
D:1:      dpeg_arrival_ratfight, layout_loops_ring,
          dreamdust_ecumenical_altar_angels_and_demons, serial_rivers,
          chequers_serial_rivers_small_b, chequers_serial_rivers_small_a,
          chequers_serial_rivers_small_b, chequers_serial_rivers_large_b,
          chequers_serial_rivers_micro_d, chequers_serial_rivers_large_a
D:2:      minmay_evil_eye, layout_loops_ring, serial_glass, glass_columns_a,
          glass_columns_a, glass_columns_c, glass_columns_a, glass_columns_b,
          glass_columns_c
D:3:      layout_rooms, kennysheep_pointless_box, dreamdust_princess_bridge,
          uniq_robin, uniq_natasha
D:4:      layout_basic, minmay_temple_entry_glassed_door
D:5:      layout_cave_pools, lightli_ossuary_entry_decrepit_ruins,
          gup_sewer_entry_bowl, minmay_misc_feat_room
D:6:      layout_basic, mainiacjoe_overflow_catch_the_wave, sigmund_army
D:7:      layout_loops_ring, nicolae_yredelemnul_corpse_copse,
          gammafunk_temple_overflow_pools, grunt_dithmenos_smoke_and_mirrors,
          nicolae_kite_square_tiling_tiny, minmay_hollow_rounded_squares
Temple:   nicolae_temple_god_jail

Skill      XL: |  1  2  3  4  5  6  7  8  9 |
---------------+----------------------------+-----
Stealth        | 10 | 10.8
Invocations    | 1 2 3 4 5 |  5.5
Short Blades   | 1 2 3 5 |  5.0
Long Blades    | 1 2 3 5 |  5.0
Maces & Flails | 1 2 3 5 |  5.0
Polearms       | 1 2 3 5 |  5.0
Staves         | 1 2 3 5 |  5.0
Ranged Weapons | 1 2 3 5 |  5.0
Throwing       | 1 2 3 5 |  5.0
Armour         | 1 2 3 5 |  5.0
Shields        | 1 2 3 5 |  5.0
Unarmed Combat | 1 2 3 5 |  5.0
Spellcasting   | 1 2 3 5 |  5.0
Conjurations   | 1 2 3 4 |  4.2
Hexes          | 1 2 3 4 |  4.2
Summonings     | 1 2 3 4 |  4.2
Necromancy     | 1 2 3 4 |  4.2
Translocations | 1 2 3 4 |  4.2
Transmutations | 1 2 3 4 |  4.2
Fire Magic     | 1 2 3 4 |  4.2
Ice Magic      | 1 2 3 4 |  4.2
Air Magic      | 1 2 3 4 |  4.2
Earth Magic    | 1 2 3 4 |  4.2
Poison Magic   | 1 2 3 4 |  4.2
Evocations     | 1 2 3 5 |  5.0
Axes           | 5 6 |  6.9
Dodging        | 5 6 |  6.9
Fighting       | 7 8 |  8.4

Action                     |  1- 3 |  4- 6 |  7- 9 | 10-12 || total
---------------------------+-------+-------+-------+-------++-------
  Melee: Hand axe          |    70 |    94 |   318 |    17 ||   499
         Bite              |     6 |    10 |    43 |     2 ||    61
         Punch             |       |     3 |     7 |     2 ||    12
         Dagger            |       |     1 |     3 |     2 ||     6
   Fire: Sling             |       |       |     6 |       ||     6
  Throw: Dart              |       |     1 |     1 |     1 ||     3
   Cast: Foxfire           |       |       |   306 |       ||   306
         Magic Dart        |       |       |    19 |       ||    19
         Flame Wave        |       |       |     3 |       ||     3
    Use: Potion            |     3 |       |     4 |     1 ||     8
         Scroll            |       |     6 |     8 |     8 ||    22
   Stab: Sleeping          |     6 |     2 |    16 |     1 ||    25
         Invisible         |     3 |     1 |       |       ||     4
         Distracted        |       |       |     1 |       ||     1
 Armour: Leather armour    |    21 |    11 |   137 |     2 ||   171
  Dodge: Dodged            |    72 |    46 |   349 |    10 ||   477

Table legend: (Time is in decaauts)
 A = Elapsed time spent in this place.
 B = Non-inter-level travel time spent in this place.
 C = Inter-level travel time spent in this place.
 D = Time resting spent in this place.
 E = Time spent auto-exploring this place.
 F = Levels seen in this place.
 G = Mean time per level.
                   A        B        C        D        E       F      G
               +--------+--------+--------+--------+--------+-----+--------+
         Total |  10119 |   9769 |    350 |   2729 |   4676 |  10 | 1011.9 |
       Dungeon |   9231 |   8896 |    335 |   2515 |   4600 |   7 | 1318.7 |
        Temple |     57 |     42 |     15 |      0 |     24 |   1 |   57.0 |
         Sewer |    387 |    387 |      0 |     44 |     52 |   1 |  387.0 |
       Ossuary |    443 |    443 |      0 |    170 |      0 |   1 |  443.0 |
               +--------+--------+--------+--------+--------+-----+--------+

Top non-repeatable levels by time:
     D:4: 1946 daAuts
     D:7: 1470 daAuts
     D:3: 1313 daAuts
     D:1: 1248 daAuts
     D:5: 1239 daAuts
     D:6: 1065 daAuts
     D:2: 947 daAuts
 Ossuary: 443 daAuts
   Sewer: 387 daAuts
  Temple: 57 daAuts
